[Event "ICC tourney 3383 (40 10)"]
[Site "Internet Chess Club"]
[Date "2024.02.10"]
[Round "1"]
[White "SANTOS LATASA, JAIME:jsl1996"]
[Black "OPASKA, MICHAEL:mopaska1106"]
[Result "1-0"]
[ICCResult "Black resigns"]
[WhiteElo "2662"]
[BlackElo "2053"]
[Opening "Caro-Kann: advance variation"]
[ECO "B12"]
[NIC "CK.04"]
[Time "11:01:01"]
[PlyCount "47"]
[TimeControl "2400+10"]

1. e4 c6 2. d4 d5 3. e5 Bf5 4. Nf3 e6 5. c3 c5 6. Be3 Nd7 7. Be2 Ne7 8. dxc5
Nc6 9. b4 a6 10. O-O Be7 11. Nbd2 g5 12. Nd4 Bg6 13. Nxc6 bxc6 14. f4 h5 15.
Nf3 gxf4 16. Bxf4 Qc7 17. Bd3 Rg8 18. Nd4 Bxd3 19. Qxd3 Bg5 20. Qh7 O-O-O
21. Bxg5 Rxg5 22. Qxf7 Rdg8 23. Rf2 Nxe5 24. Qxc7+ {Black resigns} 1-0

[Event "ICC tourney 3383 (40 10)"]
[Site "Internet Chess Club"]
[Date "2024.02.10"]
[Round "1"]
[White "CHENG, ERIC:EricCheng-131"]
[Black "HSIAO, ETHAN:tashunhsiao"]
[Result "0-1"]
[ICCResult "White resigns"]
[WhiteElo "1860"]
[BlackElo "2076"]
[Opening "French defense"]
[ECO "C11"]
[NIC "FR.05"]
[Time "11:01:35"]
[PlyCount "48"]
[TimeControl "2400+10"]

1. e4 e6 2. d4 d5 3. Nc3 Nf6 4. Bg5 h6 5. Bxf6 Qxf6 6. Nf3 Bb4 7. exd5 exd5
8. Be2 O-O 9. O-O c6 10. Ne5 Bf5 11. Bd3 Nd7 12. f4 Rad8 13. Bxf5 Qxf5 14.
g4 Qe6 15. f5 Qf6 16. Nxd7 Rxd7 17. Ne2 Re8 18. c3 Rde7 19. Ng3 Bd6 20. Qf3
Re3 21. Qf2 Qh4 22. Kg2 Qxg4 23. Rae1 Bxg3 24. hxg3 Re2 {White resigns} 0-1

[Event "ICC tourney 3383 (40 10)"]
[Site "Internet Chess Club"]
[Date "2024.02.10"]
[Round "1"]
[White "KONA, VIDIP KUMAR:Vidipkona"]
[Black "FEE, KENNETH E:BirchRun"]
[Result "1-0"]
[ICCResult "Black resigns"]
[WhiteElo "2060"]
[BlackElo "1844"]
[Opening "English opening"]
[ECO "A05"]
[NIC "QP.11"]
[Time "11:00:23"]
[PlyCount "51"]
[TimeControl "2400+10"]

1. Nf3 Nf6 2. c4 g6 3. b4 Bg7 4. Bb2 O-O 5. g3 d6 6. Bg2 e5 7. d3 Nbd7 8.
O-O c6 9. Nbd2 Nh5 10. Qc2 f5 11. e3 Ndf6 12. c5 e4 13. dxe4 Nxe4 14. Bxg7
Nxd2 15. Bxf8 Nxf3+ 16. Bxf3 Qxf8 17. cxd6 Nf6 18. Rfd1 Be6 19. b5 Rc8 20.
bxc6 bxc6 21. Rab1 c5 22. Rb7 c4 23. Qc3 a5 24. Re7 Bd7 25. Rxd7 Nxd7 26.
Bd5+ {Black resigns} 1-0

[Event "ICC tourney 3383 (40 10)"]
[Site "Internet Chess Club"]
[Date "2024.02.10"]
[Round "1"]
[White "Yang, Daniel:danielbest"]
[Black "WANG, RACHEL ZIHAN:Rachelw07511"]
[Result "1-0"]
[ICCResult "Black resigns"]
[WhiteElo "2146"]
[BlackElo "1903"]
[Opening "Queen's gambit accepted"]
[ECO "D20"]
[NIC "QG.03"]
[Time "11:01:35"]
[PlyCount "49"]
[TimeControl "2400+10"]

1. d4 d5 2. c4 dxc4 3. e3 e5 4. Bxc4 exd4 5. exd4 Bd6 6. h3 h6 7. Nf3 Nf6 8.
O-O O-O 9. Nc3 Bf5 10. Be3 Nbd7 11. Qe2 Nb6 12. Bb3 c6 13. Ne5 a5 14. a3 Bc7
15. Qf3 Qc8 16. Rfe1 Be6 17. Bxe6 Qxe6 18. Bxh6 gxh6 19. Ng4 Qd6 20. Nxf6+
Kg7 21. Qg4+ Kh8 22. Qf5 Qh2+ 23. Kf1 Qh1+ 24. Ke2 Rae8+ 25. Kf3 {Black
resigns} 1-0

[Event "ICC tourney 3383 (40 10)"]
[Site "Internet Chess Club"]
[Date "2024.02.10"]
[Round "1"]
[White "MARKOVIC, GORAN:Goran21"]
[Black "Liang, Jason:Jupiter435"]
[Result "0-1"]
[ICCResult "White resigns"]
[WhiteElo "2006"]
[BlackElo "2525"]
[Opening "Ruy Lopez: modern Steinitz defense"]
[ECO "C74"]
[NIC "RL.11"]
[Time "11:00:23"]
[PlyCount "106"]
[TimeControl "2400+10"]

1. e4 e5 2. Nf3 Nc6 3. Bb5 a6 4. Ba4 d6 5. c3 Nf6 6. d4 Bd7 7. O-O b5 8. Bb3
h6 9. a4 Be7 10. axb5 axb5 11. Rxa8 Qxa8 12. Na3 O-O 13. Nxb5 Rb8 14. dxe5
Nxe5 15. Nxe5 dxe5 16. Nxc7 Qxe4 17. Nd5 Nxd5 18. Bxd5 Qf5 19. Re1 Bc5 20.
Qe2 Bb5 21. c4 Ba4 22. Be3 Bd4 23. Bxd4 exd4 24. g3 Qf6 25. Qd2 Bb3 26. Re4
g5 27. Qxd4 Qxd4 28. Rxd4 Bc2 29. c5 Rxb2 30. c6 Bf5 31. g4 Bc8 32. Bc4 Kg7
33. h3 Rc2 34. Rd8 Bxg4 35. Bd5 Bxh3 36. Rd7 Kf6 37. Rxf7+ Ke5 38. Bf3 Be6
39. Rh7 Bd5 40. Re7+ Kf6 41. Re3 Bxc6 42. Bh5 Rc1+ 43. Kh2 Rh1+ 44. Kg3 Rxh5
45. Rc3 Be4 46. Rc5 Rh1 47. f3 Bf5 48. Rc6+ Be6 49. Kg2 Rh4 50. Rb6 Rd4 51.
Kg3 h5 52. Rb4 h4+ 53. Kf2 Rxb4 {White resigns} 0-1

[Event "ICC tourney 3383 (40 10)"]
[Site "Internet Chess Club"]
[Date "2024.02.10"]
[Round "1"]
[White "SOWA, RYAN:Stone-Castle"]
[Black "A Knapp, Joseph:jukebox"]
[Result "1/2-1/2"]
[ICCResult "Game drawn by mutual agreement"]
[WhiteElo "2277"]
[BlackElo "2002"]
[Opening "Catalan: closed, 5.Nf3"]
[ECO "E06"]
[NIC "CA.04"]
[Time "11:01:15"]
[PlyCount "43"]
[TimeControl "2400+10"]

1. Nf3 d5 2. d4 Nf6 3. c4 e6 4. g3 Be7 5. Bg2 O-O 6. Qc2 c5 7. O-O cxd4 8.
Nxd4 Nc6 9. Nxc6 bxc6 10. Rd1 Ba6 11. b3 Rc8 12. Bb2 Qb6 13. Nd2 Rfd8 14. e3
c5 15. cxd5 exd5 16. Rac1 d4 17. e4 Be2 18. Re1 d3 19. Qb1 Ng4 20. Nc4 Qe6
21. Bc3 Bg5 22. Qb2 {Game drawn by mutual agreement} 1/2-1/2

[Event "ICC tourney 3383 (40 10)"]
[Site "Internet Chess Club"]
[Date "2024.02.10"]
[Round "1"]
[White "STEVENS, ADAM BENJAMIN:Dabs2"]
[Black "ZHOU, JIANCHAO:TomCruise999"]
[Result "0-1"]
[ICCResult "White resigns"]
[WhiteElo "2037"]
[BlackElo "2662"]
[Opening "King's Indian: Kazakh variation"]
[ECO "E91"]
[NIC "KI.19"]
[Time "11:13:01"]
[PlyCount "68"]
[TimeControl "2400+10"]

1. d4 Nf6 2. c4 g6 3. Nc3 Bg7 4. e4 d6 5. Nf3 O-O 6. Be2 Na6 7. Be3 e5 8.
O-O c6 9. d5 Ng4 10. Bg5 f6 11. Bd2 f5 12. Ne1 Nf6 13. f3 c5 14. Nd3 f4 15.
Nb5 h5 16. a3 g5 17. Be1 Rf7 18. b4 b6 19. a4 Nc7 20. a5 Nxb5 21. cxb5 Rb8
22. Nb2 Bf8 23. Nc4 Rg7 24. bxc5 bxc5 25. b6 a6 26. Bc3 g4 27. fxg4 Nxe4 28.
Bxe5 dxe5 29. Nxe5 Qg5 30. Nc6 c4 31. g3 fxg3 32. Rxf8+ Kxf8 33. Nxb8 Qe3+
34. Kg2 Qf2+ {White resigns} 0-1

[Event "ICC tourney 3383 (40 10)"]
[Site "Internet Chess Club"]
[Date "2024.02.10"]
[Round "1"]
[White "Mitrabha, Guha:babysnake"]
[Black "Pendse, Vihaan:awakeprize"]
[Result "1-0"]
[ICCResult "Black resigns"]
[WhiteElo "2576"]
[BlackElo "2008"]
[Opening "English: Neo-Catalan declined"]
[ECO "A14"]
[NIC "RE.09"]
[Time "11:02:55"]
[PlyCount "131"]
[TimeControl "2400+10"]

1. Nf3 Nf6 2. c4 e6 3. g3 d5 4. Bg2 Be7 5. O-O O-O 6. b3 c5 7. cxd5 Nxd5 8.
Bb2 Nc6 9. Nc3 Bf6 10. Rc1 b6 11. Qc2 Bb7 12. Qb1 Nd4 13. Nxd4 Bxd4 14. Nxd5
Bxd5 15. Bxd4 Bxg2 16. Kxg2 Qd5+ 17. Kg1 Qxd4 18. d3 Rfd8 19. Rc4 Qe5 20.
Qc2 Rd4 21. Rc1 Rad8 22. a3 h5 23. Qd2 Rxc4 24. bxc4 g6 25. a4 Ra8 26. Rb1
Rb8 27. Kg2 Qd6 28. Kg1 Qe5 29. h4 Qc7 30. Rb5 Qc6 31. a5 a6 32. Rb1 Qd6 33.
axb6 Rxb6 34. Ra1 Qc6 35. Qe3 a5 36. f3 a4 37. Qe5 Rb4 38. Kf2 Qb6 39. g4
Qd8 40. Qxc5 Qxh4+ 41. Ke3 Rb2 42. Qe5 Rb4 43. gxh5 Qxh5 44. Qxh5 gxh5 45.
Rh1 a3 46. Rxh5 Ra4 47. Rh1 Kf8 48. Kd2 Ke7 49. Kc3 Kd6 50. Ra1 Ke5 51. Kb3
Ra8 52. Rxa3 Rb8+ 53. Kc3 Kf4 54. Ra7 f5 55. Ra5 e5 56. Rd5 Rb1 57. e4 fxe4
58. fxe4 Rd1 59. Kb4 Rb1+ 60. Kc5 Rb8 61. Kd6 Rd8+ 62. Ke7 Rh8 63. c5 Rh7+
64. Kd6 Rh6+ 65. Kc7 Rh7+ 66. Kb6 {Black resigns} 1-0

[Event "ICC tourney 3383 (40 10)"]
[Site "Internet Chess Club"]
[Date "2024.02.10"]
[Round "1"]
[White "LIANG, YU-CHENG:Yucheng"]
[Black "Pan, Zachary:panfeng1"]
[Result "1-0"]
[ICCResult "Black resigns"]
[WhiteElo "2213"]
[BlackElo "1958"]
[Opening "English opening"]
[ECO "A05"]
[NIC "QP.11"]
[Time "11:00:22"]
[PlyCount "113"]
[TimeControl "2400+10"]

1. Nf3 Nf6 2. c4 b6 3. b3 Bb7 4. Bb2 e6 5. g3 Be7 6. Bg2 O-O 7. d4 c5 8.
dxc5 bxc5 9. O-O d6 10. Nc3 a6 11. Qd3 Nc6 12. Rfd1 Qc7 13. e4 Rad8 14. Qe2
Ng4 15. Na4 Nge5 16. Ne1 Nd7 17. Nc2 e5 18. Ne3 Nd4 19. Qd3 Nb6 20. Nc3 g6
21. f4 Bf6 22. Rf1 Bg7 23. fxe5 Bxe5 24. Rf2 Bg7 25. Raf1 Rde8 26. Ne2 Nxe2+
27. Qxe2 Bxb2 28. Qxb2 Nd7 29. Ng4 f6 30. Rxf6 Nxf6 31. Nxf6+ Rxf6 32. Qxf6
Qe7 33. Qxe7 Rxe7 34. Rd1 Re6 35. Kf2 Kf7 36. e5 Bxg2 37. exd6 Bh3 38. d7
Rf6+ 39. Kg1 Bxd7 40. Rxd7+ Ke6 41. Rxh7 Ke5 42. Rd7 Ke4 43. Kg2 Ke3 44. Rd5
Rf2+ 45. Kh3 Rxa2 46. Rxc5 Kd4 47. Rc6 Kc3 48. Rb6 Rb2 49. Rxa6 Rxb3 50.
Rxg6 Kxc4 51. Kh4 Kd5 52. Rf6 Ke5 53. Rf2 Rb8 54. g4 Rh8+ 55. Kg3 Ke4 56. h4
Rd8 57. g5 {Black resigns} 1-0

[Event "ICC tourney 3383 (40 10)"]
[Site "Internet Chess Club"]
[Date "2024.02.10"]
[Round "1"]
[White "KARTHIKEYAN, HARISHKUMAR:TheThinker15647"]
[Black "QUIRKE, JEFFREY L:PawnEatingZombi"]
[Result "0-1"]
[ICCResult "White resigns"]
[WhiteElo "1953"]
[BlackElo "2165"]
[Opening "Ruy Lopez: exchange, Gligoric variation"]
[ECO "C69"]
[NIC "RL.08"]
[Time "11:17:53"]
[PlyCount "84"]
[TimeControl "2400+10"]

1. e4 e5 2. Nf3 Nc6 3. Bb5 a6 4. Bxc6 dxc6 5. O-O f6 6. d4 exd4 7. Nxd4 c5
8. Ne2 Qxd1 9. Rxd1 Bd7 10. Nbc3 O-O-O 11. Bf4 Ne7 12. Be3 b6 13. Nf4 Ng6
14. Ncd5 Ne5 15. b3 Kb7 16. f3 Bd6 17. a4 a5 18. c4 f5 19. Nc3 g5 20. Nfd5
f4 21. Bf2 Rdf8 22. Kf1 g4 23. Ke2 Rhg8 24. Nb5 gxf3+ 25. gxf3 Nxf3 26.
Nxd6+ cxd6 27. Ne7 Bg4 28. Nxg8 Nxh2+ 29. Ke1 Bxd1 30. Rxd1 Rxg8 31. Rxd6
Re8 32. Rh6 Rxe4+ 33. Kd1 Ng4 34. Rxh7+ Kc6 35. Bg1 Re6 36. Rg7 Ne5 37. Bh2
Rf6 38. Re7 Nf3 39. Rh7 Nd4 40. Rh4 Nxb3 41. Bxf4 Nd4 42. Kc1 Ne2+
{White resigns}
0-1

[Event "ICC tourney 3383 (40 10)"]
[Site "Internet Chess Club"]
[Date "2024.02.10"]
[Round "1"]
[White "Li, Alex:AlexLi31415"]
[Black "GU, CRYSTAL JIUZHOU:fantasymoon"]
[Result "1/2-1/2"]
[ICCResult "Game drawn by repetition"]
[WhiteElo "1835"]
[BlackElo "2055"]
[Opening "Queen's bishop game"]
[ECO "D02"]
[NIC "QP.08"]
[Time "11:01:06"]
[PlyCount "106"]
[TimeControl "2400+10"]

1. d4 d5 2. Nf3 Nf6 3. Bf4 Bf5 4. e3 e6 5. Bd3 Bxd3 6. Qxd3 Nbd7 7. Nbd2 c5
8. c3 Qb6 9. O-O Bd6 10. Bxd6 Qxd6 11. e4 dxe4 12. Nxe4 Nxe4 13. Qxe4 Qb6
14. Rab1 O-O 15. Rfe1 Rfd8 16. Re2 Nf6 17. Qe5 Rd5 18. Qe3 Rad8 19. Rd2 cxd4
20. Rxd4 Rxd4 21. Nxd4 Nd5 22. Qe4 Nf6 23. Qe2 Qc5 24. Re1 Qd5 25. a3 h6 26.
h3 Nd7 27. Qe4 Nc5 28. Qxd5 Rxd5 29. Re2 Na4 30. Rc2 e5 31. Nf3 Rd1+ 32. Kh2
Rb1 33. b4 Rb3 34. Nxe5 Rxc3 35. Rxc3 Nxc3 36. Kg3 Kf8 37. Kf3 Ke7 38. Ke3
Ke6 39. Nc4 Nd5+ 40. Kd4 b6 41. Ne3 Nxe3 42. fxe3 Kd6 43. e4 f6 44. g3 g6
45. a4 a6 46. a5 b5 47. g4 g5 48. Kd3 Ke5 49. Ke3 Ke6 50. Kd4 Kd6 51. Kd3
Ke5 52. Ke3 Ke6 53. Kd4 Kd6 {Game drawn by repetition} 1/2-1/2

[Event "ICC tourney 3383 (40 10)"]
[Site "Internet Chess Club"]
[Date "2024.02.10"]
[Round "1"]
[White "GUI, SUYUAN:EatSleepChess"]
[Black "TAO, SIHAN:pangpangba"]
[Result "1/2-1/2"]
[ICCResult "Game drawn by repetition"]
[WhiteElo "1998"]
[BlackElo "2245"]
[Opening "Sicilian"]
[ECO "B50"]
[NIC "SI.01"]
[Time "11:36:26"]
[PlyCount "93"]
[TimeControl "2400+10"]

1. e4 c5 2. Nf3 d6 3. c3 Nf6 4. Be2 g6 5. O-O Bg7 6. Bb5+ Bd7 7. Bxd7+ Nbxd7
8. Re1 Ne5 9. Nxe5 dxe5 10. Qe2 Qd7 11. d3 Rd8 12. Rd1 O-O 13. Na3 Ne8 14.
Be3 b6 15. Nc2 Nd6 16. d4 cxd4 17. cxd4 exd4 18. Bxd4 Qb5 19. Qxb5 Nxb5 20.
Bxg7 Kxg7 21. Ne3 Nd6 22. f3 Rc8 23. Rac1 Rxc1 24. Rxc1 Rc8 25. Rxc8 Nxc8
26. Kf2 e6 27. Nc4 Kf8 28. Ke3 Ke7 29. a4 Nd6 30. Nxd6 Kxd6 31. Kd4 e5+ 32.
Kc4 Kc6 33. b4 a6 34. b5+ axb5+ 35. axb5+ Kd6 36. Kb4 h5 37. h4 f6 38. Kc4
Ke6 39. Kd3 Kd6 40. Kc4 f5 41. Kb4 f4 42. Kc4 Ke6 43. Kb4 Kf6 44. Kc4 Ke6
45. Kb4 Kd6 46. Kc4 Ke6 47. Kb4 {Game drawn by repetition} 1/2-1/2

[Event "ICC tourney 3383 (40 10)"]
[Site "Internet Chess Club"]
[Date "2024.02.10"]
[Round "2"]
[White "OPASKA, MICHAEL:mopaska1106"]
[Black "KARTHIKEYAN, HARISHKUMAR:TheThinker15647"]
[Result "0-1"]
[ICCResult "White resigns"]
[WhiteElo "2053"]
[BlackElo "1953"]
[Opening "Catalan: closed, 5.Nf3"]
[ECO "E06"]
[NIC "CA.04"]
[Time "13:16:38"]
[PlyCount "66"]
[TimeControl "2400+10"]

1. d4 d5 2. c4 e6 3. g3 Nf6 4. Bg2 Be7 5. Nf3 O-O 6. O-O c6 7. Nc3 b6 8. Ne5
Bb7 9. e4 Na6 10. Ng4 Nxe4 11. Nxe4 dxe4 12. Qe2 f5 13. Ne5 Bf6 14. Be3 c5
15. f4 cxd4 16. Rad1 d3 17. Qd2 Bxe5 18. fxe5 Qc7 19. Qc3 Rac8 20. Rc1 Nc5
21. b4 Nd7 22. Bf4 h6 23. h4 Ba6 24. a4 Qxc4 25. Qxc4 Bxc4 26. Rc3 b5 27.
axb5 Bxb5 28. Rfc1 Rxc3 29. Rxc3 Nb6 30. Rc7 Nd5 31. Rxa7 Nxf4 32. gxf4 d2
33. Ra1 Be2 {White resigns} 0-1

[Event "ICC tourney 3383 (40 10)"]
[Site "Internet Chess Club"]
[Date "2024.02.10"]
[Round "2"]
[White "Liang, Jason:Jupiter435"]
[Black "KONA, VIDIP KUMAR:Vidipkona"]
[Result "1-0"]
[ICCResult "Black checkmated"]
[WhiteElo "2525"]
[BlackElo "2060"]
[Opening "Caro-Kann: exchange variation"]
[ECO "B13"]
[NIC "CK.02"]
[Time "13:15:43"]
[PlyCount "119"]
[TimeControl "2400+10"]

1. e4 c6 2. d4 d5 3. exd5 cxd5 4. Nf3 Nf6 5. Ne5 Nc6 6. Bb5 Qa5+ 7. Nc3 Qb6
8. O-O Bf5 9. a4 e6 10. a5 Qc7 11. a6 Rc8 12. axb7 Qxb7 13. Ra6 Bd6 14. Rxc6
Ke7 15. Ba6 Qxc6 16. Nxc6+ Rxc6 17. Bd3 Bxd3 18. Qxd3 Rb8 19. Nb5 Rb7 20.
Nxd6 Rxd6 21. b3 Rc6 22. Ba3+ Kd7 23. f3 h6 24. Ra1 Kc7 25. Bf8 Ne8 26. Ra6
Rcb6 27. Bc5 Rc6 28. Rxc6+ Kxc6 29. Qa6+ Kc7 30. Qa5+ Kd7 31. Qa4+ Kd8 32.
Bxa7 Nc7 33. Bc5 Rb5 34. Bd6 Rb6 35. Bxc7+ Kxc7 36. Qa7+ Rb7 37. Qc5+ Kd7
38. Qf8 Kc6 39. Qxg7 Kb5 40. Qxh6 Kb4 41. Qd2+ Ka3 42. h4 Rc7 43. h5 Kb2 44.
h6 f5 45. b4 Ra7 46. b5 Rb7 47. c4+ Kb3 48. c5 Ra7 49. b6 Rb7 50. Kf2 Kc4
51. c6 Rxb6 52. c7 Rc6 53. Qc2+ Kb5 54. Qxc6+ Kxc6 55. c8=Q+ Kd6 56. h7 e5
57. dxe5+ Kxe5 58. h8=Q+ Kf4 59. Qc7+ Kg5 60. Qg3# {Black checkmated} 1-0

[Event "ICC tourney 3383 (40 10)"]
[Site "Internet Chess Club"]
[Date "2024.02.10"]
[Round "2"]
[White "Pan, Zachary:panfeng1"]
[Black "STEVENS, ADAM BENJAMIN:Dabs2"]
[Result "1-0"]
[ICCResult "Black resigns"]
[WhiteElo "1958"]
[BlackElo "2037"]
[Opening "Sicilian, Chekhover variation"]
[ECO "B53"]
[NIC "SI.02"]
[Time "13:16:01"]
[PlyCount "33"]
[TimeControl "2400+10"]

1. e4 c5 2. Nf3 d6 3. d4 cxd4 4. Qxd4 Nc6 5. Bb5 a6 6. Bxc6+ bxc6 7. c4 e5
8. Qd3 Ne7 9. Nc3 Ng6 10. O-O Be7 11. b3 O-O 12. Be3 f5 13. Na4 Qc7 14. Nd2
Rb8 15. f3 Be6 16. Rac1 Rfd8 17. exf5 {Black resigns} 1-0

[Event "ICC tourney 3383 (40 10)"]
[Site "Internet Chess Club"]
[Date "2024.02.10"]
[Round "2"]
[White "HSIAO, ETHAN:tashunhsiao"]
[Black "Mitrabha, Guha:babysnake"]
[Result "0-1"]
[ICCResult "White resigns"]
[WhiteElo "2076"]
[BlackElo "2576"]
[Opening "Caro-Kann: Panov-Botvinnik attack"]
[ECO "B13"]
[NIC "CK.03"]
[Time "13:18:38"]
[PlyCount "76"]
[TimeControl "2400+10"]

1. e4 c6 2. d4 d5 3. exd5 cxd5 4. c4 Nf6 5. Nc3 Nc6 6. Bf4 a6 7. h3 g6 8.
Nf3 Bg7 9. c5 O-O 10. Na4 Ne4 11. Nb6 Ra7 12. Be2 Nxd4 13. Nxd4 e5 14. Be3
Nxc5 15. Nxc8 exd4 16. Bxd4 Qxc8 17. Bxg7 Kxg7 18. Qd4+ Kg8 19. O-O b6 20.
b4 Ne6 21. Qxb6 Ra8 22. Rfd1 Rd8 23. a3 Nf4 24. Bf3 Qf5 25. Qe3 Re8 26. Qb3
Rad8 27. Rd2 d4 28. Rc1 d3 29. Kf1 Re5 30. Bg4 Qf6 31. Rcd1 h5 32. g3 Qc6
33. f3 hxg4 34. gxf4 Qxf3+ 35. Rf2 Qxh3+ 36. Kg1 Rh5 37. Rg2 Qe3+ 38. Rf2 g3
{White resigns}
0-1

[Event "ICC tourney 3383 (40 10)"]
[Site "Internet Chess Club"]
[Date "2024.02.10"]
[Round "2"]
[White "TAO, SIHAN:pangpangba"]
[Black "QI, JENNY:eevee11"]
[Result "1-0"]
[ICCResult "Black checkmated"]
[WhiteElo "2245"]
[BlackElo "1891"]
[Opening "Sicilian: Najdorf, Byrne (English) attack"]
[ECO "B90"]
[NIC "SI.14"]
[Time "13:15:43"]
[PlyCount "85"]
[TimeControl "2400+10"]

1. e4 c5 2. Nf3 d6 3. d4 cxd4 4. Nxd4 Nf6 5. Nc3 a6 6. Be3 e5 7. Nb3 Be6 8.
f3 h5 9. Nd5 Bxd5 10. exd5 g6 11. Qd2 Nbd7 12. O-O-O Bg7 13. Kb1 b5 14. Na5
Nb6 15. Nc6 Qc7 16. Bxb6 Qxb6 17. c4 bxc4 18. Bxc4 O-O 19. Qb4 Qxb4 20. Nxb4
a5 21. Nc6 Nd7 22. Rd3 Nb8 23. Ra3 Nxc6 24. dxc6 Rfc8 25. Bd5 Rc7 26. Rb3 a4
27. Rb7 Ra7 28. Rc1 Bh6 29. Rxa7 Rxa7 30. c7 Rxc7 31. Rxc7 Kf8 32. Rxf7+ Ke8
33. Rf6 Ke7 34. Rxg6 Bf4 35. g3 Be3 36. h4 Bd4 37. g4 hxg4 38. fxg4 a3 39.
h5 axb2 40. h6 Kd8 41. Rg7 Kc8 42. h7 Kb8 43. h8=R# {Black checkmated} 1-0

[Event "ICC tourney 3383 (40 10)"]
[Site "Internet Chess Club"]
[Date "2024.02.10"]
[Round "2"]
[White "ZHOU, JIANCHAO:TomCruise999"]
[Black "Yang, Daniel:danielbest"]
[Result "1-0"]
[ICCResult "Black resigns"]
[WhiteElo "2662"]
[BlackElo "2146"]
[Opening "King's Indian: Kazakh variation"]
[ECO "E91"]
[NIC "KI.19"]
[Time "13:15:52"]
[PlyCount "81"]
[TimeControl "2400+10"]

1. Nf3 Nf6 2. c4 g6 3. Nc3 Bg7 4. e4 d6 5. d4 O-O 6. Be2 Na6 7. O-O e5 8.
Re1 exd4 9. Nxd4 Nc5 10. f3 a5 11. Be3 Qe7 12. Qd2 Ne6 13. Ndb5 Rd8 14. Rad1
Bd7 15. Na3 Be8 16. Bf1 Nc5 17. Nab5 Bxb5 18. cxb5 c6 19. Bf2 Nfd7 20. bxc6
bxc6 21. Qxd6 Qxd6 22. Rxd6 Ne6 23. Red1 Ne5 24. Rxd8+ Rxd8 25. Rxd8+ Nxd8
26. Na4 Nd7 27. Ba6 Be5 28. Bc8 Nf6 29. Bb6 Ne6 30. Bxe6 fxe6 31. Bxa5 Nd7
32. Bc3 Bxc3 33. Nxc3 Nc5 34. Kf1 Kf7 35. Ke2 e5 36. Ke3 Na6 37. a3 c5 38.
Kd3 Ke6 39. Kc4 Kd6 40. Kb5 Nc7+ 41. Kb6 {Black resigns} 1-0

[Event "ICC tourney 3383 (40 10)"]
[Site "Internet Chess Club"]
[Date "2024.02.10"]
[Round "2"]
[White "WANG, RACHEL ZIHAN:Rachelw07511"]
[Black "MARKOVIC, GORAN:Goran21"]
[Result "1/2-1/2"]
[ICCResult "Game drawn because neither player has mating material"]
[WhiteElo "1903"]
[BlackElo "2006"]
[Opening "QGD"]
[ECO "D30"]
[NIC "QP.08"]
[Time "13:15:53"]
[PlyCount "214"]
[TimeControl "2400+10"]

1. d4 d5 2. c4 e6 3. Nf3 Nf6 4. Bg5 Be7 5. e3 h6 6. Bh4 Ne4 7. Bxe7 Qxe7 8.
cxd5 exd5 9. Nc3 c6 10. Bd3 O-O 11. O-O Bg4 12. h3 Bxf3 13. gxf3 Nd6 14. Kh2
Qh4 15. f4 Nd7 16. Qg4 Qe7 17. Rg1 f5 18. Qh5 Rf6 19. Ne2 Ne4 20. Ng3 Raf8
21. Rg2 Kh7 22. Rag1 g6 23. Nxf5 gxh5 24. Nxe7 R6f7 25. Nf5 Rxf5 26. Rg7+
Kh8 27. Rxd7 R5f7 28. Rxf7 Rxf7 29. Bxe4 dxe4 30. Rg6 Kh7 31. Re6 Rc7 32.
Rxe4 b6 33. Kg3 Kg6 34. Re5 c5 35. f5+ Kf6 36. Kf4 cxd4 37. exd4 Rc2 38.
Re6+ Kf7 39. Rxh6 Rxf2+ 40. Ke5 Re2+ 41. Kd6 Rxb2 42. d5 Rxa2 43. Ke5 Re2+
44. Kd4 a5 45. Rxb6 Rh2 46. Ke5 Re2+ 47. Kf4 Rd2 48. Ke4 h4 49. Ra6 Rh2 50.
Ke5 Rxh3 51. Ra7+ Kf8 52. Kf6 Ke8 53. Rxa5 Rh1 54. d6 Kd7 55. Kf7 h3 56. f6
h2 57. Rh5 Kxd6 58. Kf8 Ke6 59. f7 Kd7 60. Rd5+ Ke6 61. Rh5 Kd6 62. Ke8 Re1+
63. Kd8 Rf1 64. Rxh2 Rxf7 65. Rd2+ Kc6 66. Rc2+ Kd5 67. Rd2+ Kc4 68. Ke8 Ra7
69. Rd7 Ra8+ 70. Ke7 Ra1 71. Rc7+ Kd5 72. Rd7+ Ke5 73. Rb7 Rh1 74. Rb5+ Kd4
75. Rf5 Ke4 76. Ke6 Ra1 77. Rd5 Ra6+ 78. Rd6 Ra5 79. Rb6 Rh5 80. Rb4+ Kd3
81. Rg4 Ke3 82. Rb4 Rh6+ 83. Kd5 Rh5+ 84. Ke6 Kd3 85. Rg4 Ke3 86. Rb4 Rh6+
87. Kd5 Rh1 88. Ke6 Kd3 89. Ke5 Kc3 90. Rf4 Rh5+ 91. Rf5 Rh8 92. Rf3+ Kc4
93. Rf4+ Kc5 94. Rf5 Re8+ 95. Kf4+ Kd4 96. Rf7 Re4+ 97. Kf5 Re1 98. Rd7+ Kc5
99. Rd2 Rf1+ 100. Ke5 Kc4 101. Rd7 Re1+ 102. Kf5 Kc5 103. Rc7+ Kd6 104. Rc2
Re5+ 105. Kf4 Rd5 106. Rc1 Rc5 107. Rxc5 Kxc5
{Game drawn because neither player has mating material}
1/2-1/2

[Event "ICC tourney 3383 (40 10)"]
[Site "Internet Chess Club"]
[Date "2024.02.10"]
[Round "2"]
[White "QUIRKE, JEFFREY L:PawnEatingZombi"]
[Black "SANTOS LATASA, JAIME:jsl1996"]
[Result "0-1"]
[ICCResult "White resigns"]
[WhiteElo "2165"]
[BlackElo "2662"]
[Opening "QGD: exchange, positional line"]
[ECO "D35"]
[NIC "QO.16"]
[Time "13:15:46"]
[PlyCount "74"]
[TimeControl "2400+10"]

1. d4 Nf6 2. c4 e6 3. Nc3 d5 4. cxd5 exd5 5. Bg5 Bb4 6. e3 h6 7. Bh4 g5 8.
Bg3 h5 9. h4 Ne4 10. Ne2 Nxg3 11. Nxg3 gxh4 12. Nxh5 Qg5 13. Nf4 c6 14. g3
Nd7 15. Rxh4 Rxh4 16. gxh4 Qxh4 17. Qh5 Qxh5 18. Nxh5 Nb6 19. O-O-O Ke7 20.
Be2 Bd7 21. Rg1 Rh8 22. a3 Bd6 23. Bf3 Nc4 24. Ne2 a5 25. a4 Bb4 26. Nef4
Nd2 27. Bd1 Ne4 28. Nd3 Bd6 29. f3 Nf2 30. Nxf2 Rxh5 31. Rg2 Rh4 32. Bc2 c5
33. e4 dxe4 34. Nxe4 Bf4+ 35. Kd1 Rh1+ 36. Ke2 Bh3 37. Rf2 cxd4 {White
resigns} 0-1

[Event "ICC tourney 3383 (40 10)"]
[Site "Internet Chess Club"]
[Date "2024.02.10"]
[Round "2"]
[White "Pendse, Vihaan:awakeprize"]
[Black "CHENG, ERIC:EricCheng-131"]
[Result "1-0"]
[ICCResult "Black resigns"]
[WhiteElo "2008"]
[BlackElo "1860"]
[Opening "Scotch gambit: Dubois-Réti defense"]
[ECO "C55"]
[NIC "KP.02"]
[Time "13:15:42"]
[PlyCount "57"]
[TimeControl "2400+10"]

1. e4 e5 2. Nf3 Nc6 3. d4 exd4 4. Bc4 Nf6 5. e5 d5 6. Bb5 Ne4 7. Nxd4 Bd7 8.
Bxc6 bxc6 9. O-O Be7 10. f3 Ng5 11. Be3 O-O 12. f4 Ne4 13. Nb3 f6 14. Nc3
Nxc3 15. bxc3 fxe5 16. fxe5 Qe8 17. Qd3 Qh5 18. Nc5 Bf5 19. Qa6 Qg6 20. Rf3
Bh4 21. Raf1 Bg4 22. Rxf8+ Rxf8 23. Rxf8+ Kxf8 24. e6 Bxe6 25. Qxc6 Bf7 26.
Nd7+ Ke7 27. Qxc7 Ke8 28. Ne5 Qh5 29. g4 {Black resigns} 1-0

[Event "ICC tourney 3383 (40 10)"]
[Site "Internet Chess Club"]
[Date "2024.02.10"]
[Round "2"]
[White "YUAN, SERENA:doudou2011"]
[Black "SOWA, RYAN:Stone-Castle"]
[Result "1-0"]
[ICCResult "Black resigns"]
[WhiteElo "1908"]
[BlackElo "2277"]
[Opening "Robatsch (modern) defense"]
[ECO "A40"]
[NIC "KF.05"]
[Time "13:15:43"]
[PlyCount "59"]
[TimeControl "2400+10"]

1. d4 g6 2. e4 Bg7 3. Nc3 d6 4. Be3 a6 5. f3 b5 6. Bd3 Bb7 7. Qd2 Nd7 8. g4
c5 9. dxc5 dxc5 10. O-O-O b4 11. Nce2 Qc7 12. Bf4 Qc8 13. Ng3 Ngf6 14. g5
Nh5 15. Nxh5 gxh5 16. Ne2 O-O 17. Ng3 c4 18. Be2 Bxb2+ 19. Kb1 Ne5 20. Nf5
Re8 21. Qxb4 Rb8 22. Qxe7 Rxe7 23. Nxe7+ Kf8 24. Nxc8 Bc6 25. Bxc4 Bc3+ 26.
Bb3 Rxc8 27. Rhf1 Bb5 28. Rf2 a5 29. Bxe5 Bxe5 30. Rd5 {Black resigns} 1-0